Map: Submarino EJ

Players

Leavage

  • Race: Terran Terran
  • League: Platinum
  • Spawn Location: 5:00

PwnUrAss - Winner!

  • Race: Zerg Zerg
  • League: Platinum
  • Spawn Location: 11:00

VOD

Have the link to the VOD?

Description

Time

  • Played on: Aug. 3, 2020, 9:26 p.m.
  • Length: 8:45
Show
View Real Time Build Order
Export as new Build Order

Leavage Terran 

Build Orders: Reaper Expand, Hellion Banshee 

Get SALT Encoding   

  12  0:00  SCV  
  13  0:12  SCV  
  14  0:17  Supply Depot  
  14  0:24  SCV  
  15  0:38  SCV  
  15  0:40  Barracks  
  16  0:45  Refinery  
  16  0:50  SCV  
  17  1:02  SCV  
  18  1:14  SCV  
  19  1:30  Orbital Command  
  19  1:36  Reaper  
  20  1:44  Command Center  
  20  1:52  Supply Depot  
  20  2:08  Marine, Factory  
  21  2:19  SCV  
  22  2:23  Refinery  
  22  2:31  SCV  
  22  2:32  Barracks Reactor  
  23  2:43  SCV  
  24  2:51  Bunker  
  24  2:55  SCV  
  24  2:56  Orbital Command  
  25  3:02  Starport  
  25  3:07  SCV  
  26  3:19  SCV  
  27  3:22  Supply Depot  
  27  3:30  SCV  
  27  3:32  SCV, Barracks Tech Lab  
  29  3:42  SCV  
  29  3:44  SCV  
  29  3:45  Supply Depot  
  31  3:49  Hellion  
  31  3:50  Hellion  
  31  3:54  SCV  
  36  4:01  SCV  
  37  4:03  Cloaking Field, Banshee  
  37  4:08  SCV, Armory  
  41  4:13  SCV  
  41  4:14  Hellion  
  41  4:15  Hellion  
  46  4:20  SCV  
  46  4:22  Supply Depot  
  47  4:25  SCV  
  48  4:33  SCV  
  48  4:36  Hellion x2  
  48  4:38  SCV  
  54  4:46  Banshee  
  54  4:50  SCV  
  54  4:51  Supply Depot  
  58  4:55  SCV  
  58  4:57  Hellion x2  
  63  5:00  Engineering Bay  
  63  5:02  SCV  
  63  5:03  Barracks Tech Lab  
  64  5:07  SCV  
  65  5:15  SCV  
  65  5:19  SCV  
  67  5:27  SCV  
  65  5:31  SCV  
  65  5:35  Supply Depot  
  66  5:39  SCV  
  67  5:43  SCV  
  68  5:50  Command Center  
  68  5:51  SCV  
  68  5:55  SCV  
  70  6:02  Barracks x2  
  70  6:03  SCV  
  71  6:04  Barracks  
  71  6:06  Siege Tank  
  71  6:07  Marine x2  
  72  6:22  Banshee  
  59  6:35  Marine x2, SCV x2  
  60  6:50  Command Center  
  60  6:52  Supply Depot  
  57  7:16  SCV x2  
  57  7:20  Marine x2  
  57  7:21  Barracks Tech Lab  
  61  7:25  Starport Tech Lab  
  56  7:32  Factory Tech Lab  
  56  7:38  Marine x2  
  55  7:54  SCV x2  
  53  8:08  Marine  
  53  8:10  Marine  
  53  8:11  Factory Tech Lab  
  57  8:13  SCV  
  57  8:14  SCV  
  57  8:15  Starport  
  54  8:30  Command Center  
Show
View Real Time Build Order
Export as new Build Order

PwnUrAss Zerg - Winner!

Build Orders: Hatch First 

Get SALT Encoding   

  12  0:00  Drone  
  13  0:13  Overlord  
  13  0:16  Drone  
  14  0:31  Drone x2  
  14  0:35  Drone  
  17  0:53  Hatchery  
  17  0:55  Drone  
  17  1:04  Extractor, Drone  
  17  1:14  Spawning Pool  
  17  1:18  Drone  
  17  1:21  Drone  
  18  1:30  Drone  
  19  1:39  Drone  
  20  1:49  Overlord  
  20  2:00  Queen  
  22  2:05  Zergling x2  
  22  2:07  Queen  
  25  2:08  Drone  
  25  2:13  Drone  
  27  2:17  Spore Crawler  
  27  2:18  Drone  
  27  2:22  Overlord  
  27  2:30  Drone  
  28  2:39  Drone x2  
  28  2:43  Lair  
  30  2:44  Metabolic Boost  
  30  2:48  Drone  
  30  2:50  Drone  
  32  2:53  Extractor  
  32  2:58  Drone  
  32  3:00  Drone  
  32  3:05  Drone  
  34  3:09  Overlord  
  34  3:11  Drone  
  35  3:16  Zergling x2  
  35  3:17  Zergling x2  
  37  3:26  Spine Crawler  
  36  3:33  Roach Warren  
  35  3:36  Evolution Chamber  
  35  3:39  Overlord x2  
  34  3:45  Drone x3  
  34  3:46  Drone  
  38  3:48  Drone  
  39  3:58  Spine Crawler  
  38  4:08  Drone x4  
  42  4:11  Drone x2  
  42  4:13  Glial Reconstitution  
  44  4:17  Zerg Missile Weapons Level 1  
  44  4:20  Drone  
  45  4:32  Hatchery  
  44  4:42  Evolution Chamber  
  44  4:47  Nydus Network  
  44  4:50  Roach x4  
  51  4:56  Extractor  
  51  4:57  Overlord x2  
  50  5:30  Roach  
  50  5:31  Roach x8  
  68  5:41  Overlord x3  
  68  5:43  Roach x3  
  68  5:44  Roach  
  68  5:49  Nydus Canal  
  80  5:57  Roach x3  
  82  6:23  Roach x2  
  82  6:24  Roach x4  
  94  6:37  Nydus Canal  
  88  6:56  Roach  
  88  6:57  Roach x6  
  96  7:11  Hydralisk Den  
  67  7:54  Extractor, Hydralisk x3  
  67  7:55  Hydralisk x4  
  67  7:58  Zergling x16  
  80  8:14  Hydralisk x3  
Tags
 
Add a new tag
Caveats
  • Supply blocks, unpowered buildings, or Contaminate may cause inaccurate times.
  • Supply counts are checked every 10 seconds.